 Dungeon Crawl Stone Soup version 0.30.0-10-gfe55d96785 (webtiles) character file.

Game seed: 5624576517055144001

9978 Demosthentine the Spear-Bearer (level 11, -9/80 HPs)
             Began as a Demonspawn Gladiator on May 13, 2023.
             Was a Believer of Hepliaklqana.
             Mangled by a white very ugly thing (50 damage)
             ... on level 10 of the Dungeon on May 14, 2023.
             The game lasted 00:09:47 (10463 turns).

Demosthentine the Spear-Bearer (DsGl)              Turns: 10463, Time: 00:09:48

Health: -9/80      AC: 24    Str: 17    XL:     11   Next: 30%
Magic:  15/15      EV: 17    Int: 12    God:    Hepliaklqana [**....]
Gold:   635        SH:  5    Dex: 17    Spells: 10/10 levels left

rFire   . . .        B - +3 trident (protect)
rCold   . . .        (no shield)
rNeg    . . .        g - +0 steam dragon scales
rPois   .            (helmet restricted)
rElec   .            z - +0 cloak
rCorr   .            x - +1 pair of gloves
SInv    .            (no boots)
Will    .....        w - amulet of Teruiclio {Reflect Int+3 SH+5}
Stlth   ++           i - +4 ring of protection
HPRegen 0.33/turn    K - ring of flight
MPRegen 0.14/turn

%: reflection
@: under a protective aura, flying, studying Polearms
A: reduced essence, antennae 1, molten scales 2, demonic guardian 1, spiny 1
a: Renounce Religion, Recall Ancestor, Ancestor Identity


You were on level 10 of the Dungeon.
You worshipped Hepliaklqana.
Hepliaklqana was pleased with you.
You visited 2 branches of the dungeon, and saw 11 of its levels.

You collected 1797 gold pieces.
You spent 1162 gold pieces at shops.

Inventory:

Hand Weapons
 B - a +3 trident of protection (weapon)
Missiles
 d - a throwing net (quivered)
 e - a javelin
 n - 6 atropa-tipped darts
 M - 2 curare-tipped darts
Armour
 g - +0 steam dragon scales (worn)
 x - a +1 pair of gloves (worn)
 z - a +0 cloak (worn)
Jewellery
 a - a +4 ring of protection
 b - a ring of magical power
 f - a +6 ring of strength
 i - a +4 ring of protection (left hand)
 w - the amulet of Teruiclio (around neck) {Reflect Int+3 SH+5}
   (You acquired it on level 4 of the Dungeon)

   [amulet of reflection]

   It reflects blocked missile attacks.
   Int:       It affects your intelligence (+3).
   SH:        It affects your SH (+5).
 K - a ring of flight (right hand)
Wands
 o - a wand of light (10)
 p - a wand of polymorph (8)
 u - a wand of digging (4)
 D - a wand of flame (34)
 F - a wand of paralysis (12)
 J - a wand of iceblast (11)
 L - a wand of mindburst (25)
Scrolls
 r - 2 scrolls of blinking
 y - 3 scrolls of teleportation
 E - 2 scrolls of vulnerability
 G - a scroll of noise {unknown}
 H - 2 scrolls of butterflies
Potions
 c - 2 potions of brilliance
 h - 3 potions of ambrosia
 j - 3 potions of magic
 k - 2 potions of berserk rage
 l - 3 potions of haste
 m - 2 potions of resistance
 q - 6 potions of curing
 t - a potion of lignification
 v - 4 potions of cancellation
 A - 5 potions of mutation
 C - 3 potions of flight
 I - 2 potions of invisibility


   Skills:
 + Level 9.2 Fighting
 + Level 9.4 Polearms
 - Level 1.7 Throwing
 - Level 6.8 Armour
 + Level 8.7 Dodging
 + Level 6.0 Invocations


You had 10 spell levels left.
You didn't know any spells.
Your spell library contained the following spells:

 Spells                   Type           Power      Damage    Failure   Level
 Beastly Appendage        Tmut           0%         N/A       32%         1
 Kiss of Death            Conj/Necr      0%         2d5       32%         1
 Wereblood                Tmut           0%         N/A       45%         2
 Confusing Touch          Hex            0%         N/A       69%         3
 Dazzling Flash           Conj/Hex       0%         N/A       69%         3
 Portal Projectile        Hex/Tloc       0%         N/A       69%         3
 Spider Form              Tmut/Pois      0%         N/A       69%         3
 Tukima's Dance           Hex            0%         N/A       69%         3
 Volatile Blastmotes      Fire/Tloc      0%         2d10      69%         3
 Dispel Undead            Necr           0%         3d6       97%         4
 Iskenderun's Mystic Bla  Conj/Tloc      0%         2d3       97%         4
 Blade Hands              Tmut           0%         N/A       100%        5
 Starburst                Conj/Fire      0%         6d3       100%        6


Dungeon Overview and Level Annotations

Branches:
Dungeon (10/15)            Temple (1/1) D:6            Lair (0/5) D:8
    Orc: D:9-12

Altars:
Ashenzari
Cheibriados
Dithmenos
Fedhas
Gozag
Hepliaklqana
Kikubaaqudgha
Makhleb
Nemelex Xobeh
Okawaru
Qazlal
Ru
Sif Muna
Trog
Uskayaw
Vehumet
Wu Jian
Xom
Yredelemnul

Shops:
D:1 [   D:7 !   D:9 ((([(?   D:10 *

Annotations:
D:10 1 runed translucent door


Innate Abilities, Weirdness & Mutations

Your life essence is reduced to manifest your ancestor. (-10% HP)
You have a pair of small antennae on your head.
You are mostly covered in molten scales. (AC +3)
A weak demonic guardian rushes to your aid.
You are partially covered in sharp spines.


Message History

You puncture the redback!
The redback is heavily wounded.
The redback misses you.
Unknown command.
You completely miss the white very ugly thing.
The white very ugly thing is lightly wounded.
Unknown command.
You barely miss the white very ugly thing.
The white very ugly thing is lightly wounded.
The white very ugly thing barely misses you.
Unknown command.
You puncture the white very ugly thing!
The white very ugly thing is moderately wounded.
Unknown command.
You hit the white very ugly thing but do no damage.
The white very ugly thing is moderately wounded.
The white very ugly thing completely misses you.
You hit the white very ugly thing.
The white very ugly thing is moderately wounded.
You block the white very ugly thing's attack.
Unknown command.
You hit the white very ugly thing but do no damage.
The white very ugly thing is moderately wounded.
The white very ugly thing completely misses you.
Unknown command.
Unknown command.
You puncture the white very ugly thing!
The white very ugly thing is moderately wounded.
The white very ugly thing is struck by your spines.
The white very ugly thing closely misses you.
Unknown command.
You hit the white very ugly thing.
The white very ugly thing is heavily wounded.
You closely miss the white very ugly thing.
The white very ugly thing is heavily wounded.
The white very ugly thing is struck by your spines.
The white very ugly thing punches you!
A demonic guardian appears!
The white very ugly thing freezes you!!!
Ouch! That really hurt!
You die...

......####.# #####
#..........##
#.##..###...##
#.##..##.....##
......#.......#
#####.#.##########
#.#.#.......4# g...#
#####.###........#
..8.# ......#
#.......@# ....
####### #...####u#
o..# #...#...s# ..8#
#...#....# ..#
###...#|[### ##+#
##### #.'...#)|
###..# ....#
#.#############...##
###.#
#..#.###........###
# #.#
#......))##.###.#


You could see a white very ugly thing (ally target), a redback and a friendly
ice devil (summoned).

Vanquished Creatures
  A centaur warrior (D:10)
  A boulder beetle (D:8)
  2 ugly things
  The ghost of hawla the Firebug, a novice MeFE (D:4)
  A komodo dragon (D:8)
  A yaktaur (D:10)
  2 hornets
  A wyvern (D:7)
  11 yaks
  3 basilisks (D:8)
  2 steam dragons
  Edmund (D:5)
  2 water moccasins
  2 orc warriors
  2 black bears (D:6)
  An ogre (D:5)
  A boggart (shapeshifter) (D:10)
  A centaur (D:7)
  2 phantoms
  2 kobold brigands
  2 bullfrogs
  A gnoll sergeant (D:9)
  5 scorpions
  4 wights
  5 killer bees (D:10)
  3 howler monkeys
  3 jellies
  A hound (D:4)
  4 orc priests (D:9)
  Crazy Yiuf (D:4)
  2 gnoll boudas
  An iguana (D:4)
  5 orc wizards
  Natasha (thrice) (D:4)
  Robin (D:3)
  12 gnolls
  5 adders
  A white imp (D:5)
  An ufetubus (D:5)
  3 worms
  3 dart slugs
  32 orcs
  3 ball pythons
  4 bats
  5 endoplasms
  A giant cockroach (D:1)
  19 goblins
  4 hobgoblins
  13 kobolds
  A frilled lizard (D:2)
  4 rats
192 creatures vanquished.

Vanquished Creatures (collateral kills)
  A boulder beetle (D:10)
  A yak (D:10)
  A wraith (D:9)
  A water moccasin (D:9)
  An acid dragon (D:8)
  A wight (D:8)
  A killer bee (D:10)
  A howler monkey (D:10)
  An orc priest (D:8)
  2 orc wizards
  A gnoll (D:9)
  5 orcs
  A goblin (D:8)
18 creatures vanquished.

Vanquished Creatures (others)
  A human (D:8)
  2 battlemagi (D:10)
  4 ancestors
  A butterfly (D:5)
8 creatures vanquished.

Grand Total: 218 creatures vanquished

Notes
Turn   | Place    | Note
-------+----------+-------------------------------------------
     0 | D:1      | Demosthentine the Demonspawn Gladiator began the quest for
                  | the Orb.
     0 | D:1      | Reached XP level 1. HP: 16/16 MP: 1/1
   318 | D:1      | Found a faded altar of an unknown god.
   339 | D:1      | Gained mutation: You are partially covered in molten
                  | scales. (AC +2) [demonic ancestry]
   339 | D:1      | Reached XP level 2. HP: 15/22 MP: 2/2
   658 | D:1      | Found Tufuf's Armour Shoppe.
   946 | D:2      | Reached skill level 1 in Armour
  1030 | D:2      | Gained mutation: You are partially covered in sharp spines.
                  | [demonic ancestry]
  1030 | D:2      | Reached XP level 3. HP: 24/28 MP: 3/3
  1822 | D:3      | Reached XP level 4. HP: 34/34 MP: 4/4
  2051 | D:3      | Noticed Robin
  2061 | D:3      | Killed Robin
  2074 | D:3      | Reached XP level 5. HP: 41/41 MP: 5/5
  2177 | D:3      | Identified a scroll of acquirement
  2177 | D:3      | Acquired 894 gold pieces
  2239 | D:4      | Noticed a phantom
  2244 | D:4      | Found a basalt altar of Yredelemnul.
  2244 | D:4      | Found a shimmering altar of Xom.
  2244 | D:4      | Found a snail-covered altar of Cheibriados.
  2259 | D:4      | Killed a phantom
  2421 | D:4      | Acquired the amulet of Teruiclio {Reflect Int+3 SH+5}
  2438 | D:4      | Reached XP level 6. HP: 33/47 MP: 6/6
  2656 | D:4      | Noticed Natasha
  2663 | D:4      | Killed Natasha
  2763 | D:4      | Found a runed translucent gate.
  2763 | D:4      | Found a runed translucent gate.
  2763 | D:4      | Found a runed translucent gate.
  2764 | D:4      | Found an opulent altar of Gozag.
  2765 | D:4      | Noticed hawla's ghost (novice MeFE)
  2770 | D:4      | Noticed Natasha
  2776 | D:4      | Killed Natasha
  2792 | D:4      | Noticed Natasha
  2798 | D:4      | Killed Natasha
  2910 | D:4      | Found a runed translucent door.
  2911 | D:4      | Noticed Crazy Yiuf
  2921 | D:4      | Killed Crazy Yiuf
  2983 | D:4      | Killed hawla's ghost
  2984 | D:4      | Reached XP level 7. HP: 51/55 MP: 7/7
  3084 | D:5      | Entered Level 5 of the Dungeon
  3194 | D:5      | Found a hide-covered altar of Uskayaw.
  3439 | D:5      | Reached skill level 5 in Polearms
  3439 | D:5      | Reached skill level 5 in Dodging
  3439 | D:5      | Gained mutation: You are mostly covered in molten scales.
                  | (AC +3) [demonic ancestry]
  3439 | D:5      | Reached XP level 8. HP: 52/61 MP: 8/8
  3588 | D:5      | Reached skill level 5 in Fighting
  3721 | D:5      | Noticed Edmund
  3733 | D:5      | Killed Edmund
  4566 | D:6      | Noticed a purple ugly thing
  4587 | D:6      | Killed a purple ugly thing
  4712 | D:6      | Reached skill level 5 in Armour
  4846 | D:6      | Found a staircase to the Ecumenical Temple.
  4918 | D:6      | Reached XP level 9. HP: 62/69 MP: 9/9
  5203 | Temple   | Entered the Ecumenical Temple
  5365 | Temple   | Became a worshipper of Hepliaklqana the Forgotten
  5573 | D:7      | Identified the +3 flail of Vengeance {flame, Dex+5}
  5774 | D:7      | Found a blossoming altar of Fedhas.
  6651 | D:7      | Found Wifis's Distillery.
  6655 | D:7      | Bought a potion of degeneration for 13 gold pieces
  6716 | D:8      | Found an ancient bone altar of Kikubaaqudgha.
  6797 | D:8      | Reached * piety under Hepliaklqana
  6927 | D:8      | Found a large runed translucent door.
  6928 | D:8      | Found a large runed translucent door.
  7296 | D:8      | Noticed a komodo dragon
  7312 | D:8      | Killed a komodo dragon
  7448 | D:8      | Noticed a boulder beetle
  7823 | D:8      | Killed a boulder beetle
  7824 | D:8      | Gained mutation: You have a pair of small antennae on your
                  | head. [demonic ancestry]
  7824 | D:8      | Reached XP level 10. HP: 14/72 MP: 10/10
  8100 | D:8      | Found a staircase to the Lair.
  8191 | D:8      | Found an opulent altar of Gozag.
  8199 | D:8      | Found a radiant altar of Vehumet.
  8230 | D:9      | Found Neaps's Antique Weapon Shop.
  8346 | D:9      | Reached skill level 1 in Invocations
  8449 | D:9      | Found Assugee's Weapon Shop.
  8665 | D:9      | Found Ukaecawe's Antique Weapon Shoppe.
  8674 | D:9      | Bought a runed trident for 221 gold pieces
  8682 | D:9      | Found a broken altar of Ashenzari.
  8845 | D:9      | Reached ** piety under Hepliaklqana
  8846 | D:9      | Remembered your ancestor Merenptah as a battlemage
  8952 | D:9      | Found Amnew's Weapon Boutique.
  9005 | D:9      | Found Ylagg's Magic Scroll Emporium.
  9013 | D:9      | Bought a scroll of teleportation for 48 gold pieces
  9013 | D:9      | Bought a scroll of teleportation for 48 gold pieces
  9013 | D:9      | Bought a scroll of acquirement for 832 gold pieces
  9013 | D:9      | Acquired a manual of Polearms
  9045 | D:9      | Found Ovaaptit's Armour Boutique.
  9325 | D:10     | Entered Level 10 of the Dungeon
  9509 | D:10     | Paralysed by a hornet for 3 turns
  9596 | D:10     | Found Soar's General Store.
  9798 | D:10     | Gained mutation: A weak demonic guardian rushes to your
                  | aid. [demonic ancestry]
  9798 | D:10     | Reached XP level 11. HP: 77/78 MP: 14/14
  9822 | D:10     | Found an ornate altar of the Wu Jian Council.
 10069 | D:10     | Reached skill level 5 in Invocations
 10149 | D:10     | Found a runed translucent door.
 10249 | D:10     | Noticed a brown ugly thing
 10249 | D:10     | Noticed a boulder beetle
 10250 | D:10     | Noticed a centaur warrior
 10290 | D:10     | Killed a centaur warrior
 10299 | D:10     | Killed a brown ugly thing
 10328 | D:10     | Killed a boulder beetle
 10450 | D:10     | Noticed a white very ugly thing
 10463 | D:10     | Mangled by a white very ugly thing

Illustrated notes

Levels and vault maps discovered:
D:1:      co_arrival_random_square_maze, layout_loops_ring,
          ebering_ecumenical_altar_webs, serial_shops, shop
D:2:      layout_loops_ring
D:3:      layout_basic, kennysheep_generic_room_3, uniq_robin
D:4:      layout_rooms, nicolae_tso_carved_into_rock,
          chequers_temple_overflow_statue_of_worship, ebering_ghost_gozag,
          uniq_crazy_yiuf_cottage, uniq_natasha
D:5:      layout_layer_cave, nicolae_uskayaw_murder_on_the_dancefloor,
          nicolae_elyvilon_peaceful_grove, uniq_edmund
D:6:      layout_cave_pools, minmay_temple_entry_trees, kennysheep_nub
D:7:      layout_loops_corners, kennysheep_mini, serial_shops,
          nicolae_shop_back_alley_shop
D:8:      corexii_shack_village, layout_basic, tgw_kikubaaqudgha,
          jmf_multi_god_temple2, erik_lair_dragon
D:9:      layout_roguey, nicolae_ashenzari_panopticon, serial_shops,
          nicolae_stop_n_shop_1, shop, nicolae_shop_advertising_works
          [nicolae_subvault_shop_adworks], shop, nicolae_shop_crystal,
          minmay_shop_grid_forest
D:10:     minmay_shrinking_squares, layout_loops_corners,
          nicolae_overflow_crystal_walls, nicolae_stop_n_shop_1,
          lightli_church_of_beogh
Temple:   hellmonk_temple_flake

Skill      XL: |  1  2  3  4  5  6  7  8  9 10 11 |
---------------+----------------------------------+-----
Polearms       | 3 4 5 6 7 8 9 |  9.4
Armour         | 1 2 3 5 6 |  6.8
Dodging        | 3 4 5 6 7 8 |  8.7
Fighting       | 3 4 6 7 8 9 |  9.2
Invocations    | 4 6 |  6.0
Throwing       | |  1.7

Action                     |  1- 3 |  4- 6 |  7- 9 | 10-12 || total
---------------------------+-------+-------+-------+-------++-------
  Melee: Trident           |    83 |   103 |   395 |   288 ||   869
         Punch             |       |     1 |     6 |     6 ||    13
  Throw: Throwing net      |       |     2 |     4 |       ||     6
 Invoke: Recall Ancestor   |       |       |     1 |       ||     1
         Ancestor Life: Ba |       |       |       |     1 ||     1
    Use: Scroll            |     7 |    11 |     9 |     3 ||    30
         Potion            |       |     1 |     2 |     3 ||     6
   Stab: Sleeping          |     4 |       |     4 |       ||     8
         Held in net/web   |       |     1 |     1 |       ||     2
         Distracted        |       |       |       |     1 ||     1
 Armour: Leather armour    |    15 |    33 |    83 |       ||   131
         Steam dragon scal |       |       |    18 |    67 ||    85
  Dodge: Dodged            |    27 |    45 |   167 |   129 ||   368
  Block: Other             |       |     3 |    64 |    37 ||   104
         Reflection        |       |       |     1 |     2 ||     3
